AoeStats
← MisoConnoisseur

Nomad

509857798Analyzed
4v4 RM · 4d ago on Sep 28, 2026· 41m 55s· 8 players
Game mode
Random Map
Map size
231×231
Population
200
Speed
Normal
Resources
Standard
Victory
Conquest
Starting age
Dark Age
Ending age
Imperial Age
RankedLock teamsTeams togetherTeam positionsShared explorationLock speedFull tech treeHidden civsTurbo modeCheats
Victory
Defeat
🇫🇷 Portuguese · France
1169
+14
🇬🇧 Burgundians · United Kingdom
1152
+15
🇨🇳 Danes · China
1151
+15
🇺🇸 Burmese · United States
1150
+15
🇦🇺 Danes · Australia
1213
-18
🇦🇺 Varangians · Australia
1134
-15
🇲🇽 Huns · Mexico
1114
-14
🇹🇼 Cumans · Taiwan
1067
-12
mark_aoe_2024
4:57 Loom
14:19 Feudal Age
18:24 Castle Age
17:01 Gold Mining
17:04 Horse Collar
17:49 Bloodlines
18:31 Fishing Lines
19:14 Husbandry
22:10 Wheelbarrow
22:57 Scale Barding Armor
24:38 Forging
25:11 Hand Cart
25:52 Chain Barding Armor
27:53 Iron Casting
27:57 Heavy Plow
32:54 Gold Shaft Mining
35:41 Imperial Age
32:51 Light Cavalry
33:37 Manipur Cavalry
38:09 Conscription
40:06 Chemistry
42:46 Ballistics
42:39 Masonry
jawsy_
5:35 Loom
13:58 Feudal Age
18:07 Double-Bit Axe
19:52 Fletching
26:49 Castle Age
36:36 Bloodlines
37:52 Scale Barding Armor
38:43 Forging
38:53 Horse Collar
42:40 Wheelbarrow
Lumberjack
5:01 Loom
14:05 Feudal Age
17:37 Castle Age
15:36 Fishing Lines
20:28 Scale Mail Armor
24:24 Imperial Age
22:53 Double-Bit Axe
23:43 Gillnets
24:12 Fletching
27:02 Forging
29:35 Chain Mail Armor
29:56 Gold Mining
32:07 Horse Collar
36:05 Wheelbarrow
35:55 Stone Mining
36:48 Heavy Plow
37:20 Hand Cart
39:45 Plate Mail Armor
40:30 Hamask
41:31 Conscription
42:27 Iron Casting
41:51 Elite Varangian Guard
42:32 Squires
42:17 Gambesons
42:18 Arson
KingUrs4721
4:57 Loom
15:45 Feudal Age
14:31 Fishing Lines
15:08 Horse Collar
15:15 Double-Bit Axe
16:02 Gold Mining
16:43 Gillnets
19:33 Bow Saw
21:00 Forging
20:56 Scale Barding Armor
22:02 Heavy Plow
25:44 Castle Age
23:54 Fletching
24:04 Padded Archer Armor
24:39 Padded Archer Armor
26:25 Light Cavalry
27:05 Husbandry
28:35 Iron Casting
28:20 Chain Barding Armor
28:50 Leather Archer Armor
28:52 Bodkin Arrow
28:54 Town Watch
29:44 Wheelbarrow
32:38 Chain Barding Armor
39:10 Wheelbarrow
41:58 Hand Cart
41:43 Town Patrol
[VL]_EoMeR_
6:19 Loom
17:11 Feudal Age
18:29 Double-Bit Axe
22:51 Castle Age
21:17 Gold Mining
23:49 Medium Warships
23:30 Fletching
24:07 Bodkin Arrow
25:23 Ballistics
28:14 Scale Barding Armor
38:06 Chain Barding Armor
41:34 Imperial Age
39:25 Pikeman
40:07 Scale Mail Armor
41:03 Chain Mail Armor
41:09 Forging
42:41 Iron Casting
Weak Foe Ahead
4:24 Loom
14:15 Feudal Age
19:36 Castle Age
18:54 Stone Mining
20:32 Fletching
22:00 Bodkin Arrow
22:59 Wheelbarrow
23:38 Scale Mail Armor
25:10 Arson
27:18 Forging
29:32 Iron Casting
MisoConnoisseur
4:33 Loom
15:47 Feudal Age
16:51 Double-Bit Axe
18:20 Wheelbarrow
17:51 Fishing Lines
22:06 Castle Age
21:35 Scale Mail Armor
21:25 Horse Collar
21:35 Horse Collar
21:55 Gold Mining
23:03 Squires
23:32 Hand Cart
23:21 Gillnets
24:02 Bow Saw
24:30 Chain Mail Armor
24:17 Arson
25:20 Forging
27:33 Man-at-Arms
27:40 Pikeman
29:17 Iron Casting
29:50 Heavy Plow
32:10 Fletching
36:55 Gambesons
40:29 Bodkin Arrow
harry841110
3:24 Loom
12:27 Feudal Age
22:31 Horse Collar
22:44 Town Watch
25:35 Bloodlines
28:13 Castle Age
26:22 Gold Mining
27:22 Forging
27:17 Scale Barding Armor
28:01 Stone Mining
Connection lost

Rejoining the realm…

Still unreachable

The connection could not be restored.

Session expired

The server has moved on; the page needs a fresh start.